AoeStats
← Calaquende

MegaRandom

510298873Analyzed
2v2 RM · 13h ago on Sep 30, 2026· 36m 31s· 4 players
Game mode
Random Map
Map size
Medium (4 player)
Population
200
Speed
Normal
Resources
Standard
Victory
Conquest
Starting age
Dark Age
Ending age
Imperial Age
RankedLock teamsTeams togetherTeam positionsShared explorationLock speedFull tech treeHidden civsTurbo modeCheats
Victory
Defeat
🇩🇪 Varangians · Germany
1380
+11
🇩🇪 Burgundians · Germany
1358
+12
🇹🇷 Persians · Türkiye
1277
-12
🇷🇺 Italians · Russia
1262
-11
345legolas345
3:10 Loom
10:33 Feudal Age
11:37 Double-Bit Axe
13:28 Wheelbarrow
18:13 Castle Age
16:20 Stone Mining
17:33 Horse Collar
22:45 Gold Mining
30:55 Imperial Age
29:01 Kamandaran
29:12 Fletching
29:37 Crossbowman
30:23 Thumb Ring
31:49 Conscription
31:55 Bow Saw
33:25 Chemistry
34:26 Padded Archer Armor
34:26 Scale Mail Armor
Lastik
9:23 Loom
11:25 Feudal Age
15:57 Castle Age
14:24 Horse Collar
14:47 Double-Bit Axe
17:01 Bow Saw
17:21 Heavy Plow
22:43 Fletching
27:08 Wheelbarrow
30:25 Imperial Age
28:01 Bodkin Arrow
28:37 Ballistics
28:49 Padded Archer Armor
29:46 Leather Archer Armor
29:35 Gold Mining
32:14 Chemistry
31:42 Conscription
31:23 Stone Mining
31:50 Bracer
33:11 Ring Archer Armor
33:25 Stone Shaft Mining
33:23 Crop Rotation
Jordan Belfort
6:13 Double-Bit Axe
11:35 Feudal Age
15:17 Castle Age
14:21 Bow Saw
14:47 Loom
23:52 Stone Mining
25:58 Padded Archer Armor
26:16 Scale Barding Armor
26:02 Town Watch
26:54 Wheelbarrow
26:20 Fletching
27:12 Husbandry
27:53 Gold Mining
28:11 Bodkin Arrow
28:43 Ballistics
28:52 Horse Collar
29:33 Hand Cart
30:43 Burgundian Vineyards
31:00 Heavy Plow
31:41 Chain Barding Armor
35:02 Imperial Age
34:41 Gold Shaft Mining
34:43 Stone Shaft Mining
34:45 Masonry
35:26 Crop Rotation
35:13 Forging
36:16 Conscription
36:37 Plate Barding Armor
37:45 Iron Casting
Calaquende
10:15 Feudal Age
9:44 Loom
13:48 Castle Age
12:31 Double-Bit Axe
15:12 Bow Saw
16:10 Wheelbarrow
19:56 Horse Collar
24:07 Hand Cart
23:40 Town Watch
25:28 Gold Mining
25:46 Scale Mail Armor
25:56 Forging
29:05 Imperial Age
27:05 Scale Mail Armor
27:15 Forging
27:09 Heavy Plow
27:25 Squires
27:12 Gambesons
28:39 Chain Mail Armor
29:28 Iron Casting
28:44 Fletching
30:21 Plate Mail Armor
30:54 Two-Man Saw
29:45 Stone Mining
30:28 Crop Rotation
30:22 Elite Varangian Guard
33:40 Blast Furnace
Connection lost

Rejoining the realm…

Still unreachable

The connection could not be restored.

Session expired

The server has moved on; the page needs a fresh start.